sWordswingEr, lawful female human Valkyrie ------------ -------------- # ----- |..........-# |............| ---|- #.._.| |..........|# |............-########-...-# ##|#...######-..........|# |............| ## |.}.|# * # #.%(X|# |..........|# |............|#### #....|### # 1-----# ---------|--# -.-|----------# # ###|.^.|############1# ## # # ## # #####-....# # # # # # #### .----# # ## ########### # # ########### # #----.------- # # #### # # #...........| # # #### # # |2.........| # # ## ########%############...........| #------ ----------.- # # # |........<.| #|....| |..........| #--------# |..........| #...`.| |..........| #|......|# ------------ |....| |..........| #-......-# ------ |..........| |.....>| ------------ -|------ # sWordswingEr the Swashbuckler Experience level: 20 Strength: 21 Dexterity: 17 Constitution: 18 Intelligence: 10 Wisdom: 15 Charisma: 10 Health: 37(37) Energy: 95(95) Def: 20 Gold: 1599 Moves: 36220 Dungeon seed: M8-evhXD3crMT48D Game ID: sWordswingEr_1514030577 Your Inventory: Coins $ - 1599 gold pieces Amulets f - an uncursed amulet of change X - a blessed amulet of life saving (being worn) Weapons b - a blessed +0 silver saber (alternate weapon; not wielded) N - the blessed +4 Grayswandir (weapon in foreclaw) Armor m - a blessed +5 Hawaiian shirt n - a blessed fireproof +5 cloak of magic resistance q - a blessed rustproof +4 pair of gauntlets of power y - a blessed fireproof +5 pair of speed boots P - a blessed +4 silver dragon scale mail V - a blessed fireproof +6 elven leather helm Scrolls T - a blessed scroll of teleportation Rings a - an uncursed ring of conflict c - an uncursed ring of polymorph control (on left foreclaw) i - an uncursed ring of polymorph control p - an uncursed ring of free action s - an uncursed ring of polymorph (on right foreclaw) L - an uncursed ring of regeneration O - an uncursed ring of polymorph control U - an uncursed ring of levitation W - an uncursed ring of stealth Wands d - an uncursed wand of digging (0:4) k - an uncursed wand of teleportation (0:7) u - an uncursed wand of polymorph (0:4) w - an uncursed wand of digging (0:8) x - an uncursed wand of polymorph (0:5) E - an uncursed wand of cancellation (0:2) Q - an uncursed wand of digging (0:2) R - an uncursed wand of lightning (0:1) Y - a blessed wand of enlightenment (0:10) Z - an uncursed wand of death (0:7) Tools o - a blessed bag of holding z - the blessed Orb of Fate (0:5) B - a blessed blindfold C - an uncursed oilskin sack named CANCELLATION & WISHING D - the blessed Bell of Opening (0:3) F - a blessed magic whistle I - a blessed skeleton key K - a blessed magic lamp (lit) S - a blessed +0 unicorn horn of frost Contents of the bag of holding: 27452 gold pieces the blessed rustproof +5 Excalibur 3 blessed +1 daggers 6 uncursed C-rations 2 uncursed K-rations an uncursed apple 4 uncursed candy bars 2 uncursed cram rations 3 uncursed cream pies an uncursed eucalyptus leaf 9 uncursed fortune cookies 2 uncursed lembas wafers an uncursed lizard corpse an uncursed lizard corpse 2 uncursed melons 3 uncursed oranges 3 uncursed slime molds an uncursed scroll of blank paper 3 cursed scrolls of blank paper 2 uncursed scrolls of genocide 3 uncursed scrolls of gold detection an uncursed scroll of magic mapping an uncursed scroll of remove curse a blessed scroll of teleportation 4 cursed scrolls of teleportation 2 potions of unholy water an uncursed ring of teleport control an uncursed wand of cold (0:7) an uncursed wand of digging (0:8) an uncursed wand of digging (0:6) an uncursed wand of digging (0:5) an uncursed wand of digging (0:4) an uncursed +0 pick-axe an uncursed +0 unicorn horn of frost 7 uncursed agate stones 4 uncursed amber stones 5 uncursed amethyst stones 5 uncursed aquamarine stones 3 uncursed chrysoberyl stones 3 uncursed diamonds 4 uncursed emeralds 3 uncursed fluorite stones 6 uncursed garnet stones 2 uncursed jade stones 3 uncursed jasper stones 4 uncursed jet stones 3 uncursed obsidian stones 2 uncursed opals an uncursed sapphire 10 uncursed topaz stones Contents of the oilskin sack named CANCELLATION & WISHING: an uncursed wand of wishing (1:1) Spells and supernatural/magical abilities: Spells marked with '*' are forgotten. Spells marked with '!' are maintained. Spells marked with '#' are aliased with 'castalias'. Name Level Category Fail Memory a - force bolt 1 attack 42% 60% c - cause fear 3 enchantment 91% 60% e - charm monster 3 enchantment 91% 99% f - fireball 4 attack 100% 71% j - jumping 1 escape 42% 98% k - knock 1 matter 42% 71% l - light 1 divination 42% 87% n - detect monsters 1 divination 42% 63% p - protection 1 clerical 42% 76% s - slow monster 2 enchantment 42% 83% u - confuse monster 2 enchantment 42% 99% v - clairvoyance 3 divination 91% 62% x - extra healing 3 healing 85% 95% A - create familiar 3 clerical 91% 70% B - cure blindness 2 healing 27% 79% I - identify 2 divination 42% 93% K - cure sickness 3 healing 85% 70% S - stone to flesh 3 healing 91% 71% W - pray for help -- divine ? -- Your skills at the end: Fighting Skills two weapon combat [Skilled] wands [Skilled] Weapon Skills dagger [Basic] long sword [Expert] hammer [Expert] Spellcasting Skills Final Attributes: You were immune to fire. You were immune to cold. You were sleep resistant. You were poison resistant. You were level-drain resistant. You were petrification resistant. You were hallucination resistant. You saw invisible. You were telepathic. You were warned. You were stealthy. You could survive without air. You could walk through walls. You were protected. You were polymorphing. You had polymorph control. You were polymorphed into a xorn. You were slow. You were life saving. You were extremely lucky. You had extra luck. Good luck did not time out for you. You got a gift from your god 5340 turns ago. You survived. Vanquished creatures: a mastodon Medusa a glass golem a purple worm a silver dragon 2 shimmering dragons an orange dragon a green dragon a minotaur Lord Surtur 4 stone golems a trapper a baby shimmering dragon a baby orange dragon a disenchanter 5 vampire lords a captain a nurse 2 ice devils an Aleax a frost giant 5 ettins 2 black puddings 5 vampires 31 ghosts 5 lieutenants a queen bee a mind flayer 3 giant mimics a zruty 29 fire giants 7 ogre kings 7 ice trolls 12 rock trolls an umber hulk 5 flesh golems 2 hezrous 8 bone devils 2 large mimics 4 wumpuses a fire vortex a long worm 3 couatls 2 stalkers a fire elemental 2 earth elementals 3 water elementals 6 hill giants 2 giant mummies a black naga 5 xorns 13 giant zombies 8 elf-lords 8 sergeants a barbed devil 7 vrocks a warg 7 small mimics a warhorse 5 xans 2 ettin mummies 2 ogre lords 2 quantum mechanics 16 trolls a sasquatch 2 wood golems 2 mariliths 4 sharks 6 electric eels 2 gelatinous cubes 2 pyrolisks a large dog 4 freezing spheres 2 flaming spheres 4 shocking spheres 4 tigers 3 gargoyles 2 ochre jellies 5 leocrottas 7 mountain centaurs 5 stone giants 3 elf mummies a human mummy a python 4 cobras 27 wraiths 3 carnivorous apes 10 ettin zombies a leather golem 7 Grey-elves 52 soldiers 2 incubi 3 chameleons 2 crocodiles 9 giant beetles 6 quivering blobs 4 cockatrices 22 wolves 7 winter wolf cubs a panther 3 gremlins 56 leprechauns 5 orc-captains 5 iron piercers 3 mumakil 4 giant spiders 4 scorpions 2 horses a black light 6 vampire bats 4 forest centaurs 3 gnome kings 6 orc mummies 2 dwarf mummies 14 ogres 5 brown puddings 4 rust monsters 15 owlbears 2 yetis 4 werewolves 17 Green-elves 4 giant eels 6 lizards 4 warriors 2 chickatrices 3 dogs 4 dingos 2 housecats 2 blue jellies a gray unicorn 4 black unicorns 6 dust vortices 2 ravens a plains centaur 2 snakes 5 water moccasins 15 apes 49 human zombies 3 rope golems 8 Woodland-elves a soldier ant 100 fire ants 17 bugbears 6 imps 3 quasits 2 wood nymphs 3 water nymphs a mountain nymph 23 Mordor orcs 15 orc shamans 5 rock piercers 5 rock moles 4 ponies 4 fog clouds 5 yellow lights 3 shriekers 2 violet fungi 16 gnome lords 8 gnomish wizards 7 kobold mummies 2 black naga hatchlings 8 gray oozes a barrow wight 11 elf zombies 11 ghouls 3 straw golems a paper golem 3 jellyfish 2 baby crocodiles 21 giant ants 2 little dogs 11 floating eyes 2 kittens 9 dwarves 11 homunculi 2 kobold lords 4 kobold shamans 28 hill orcs 16 rothes 8 rabid rats 3 centipedes 2 giant bats a monkey 11 orc zombies 20 dwarf zombies a wererat 3 werejackals 6 iguanas 54 killer bees 8 acid blobs 15 coyotes a gas spore a hobbit 3 large kobolds 25 hobgoblins 21 giant rats 10 cave spiders 5 brown molds 4 yellow molds 2 green molds 5 red molds 55 gnomes 11 gnome zombies 19 geckos 23 jackals 9 foxes 13 kobolds 19 goblins 16 sewer rats 18 grid bugs 8 bats 9 lichens 10 kobold zombies 17 newts 1584 creatures vanquished. Genocided species: liches demiliches master liches arch-liches 4 species genocided. Voluntary challenges: You had been an atheist until turn 1853. You used a wielded weapon 2201 times, starting on turn 98. You read items or engraved 182 times, starting on turn 3154. You genocided 4 types of monsters, starting on turn 17630. You never polymorphed an object. You changed form 1 time, starting on turn 36215. You used 7 wishes, starting on turn 14172. You wished for your your first artifact on turn 34562. You split 3 puddings, starting on turn 17366. You wrote Elbereth's name 11 times, starting on turn 5048. You violated your moral code, losing 10 points of alignment, starting on turn 13353. Dungeon overview: The Dungeons of Doom: levels 1 to 29 Level 1 a sink a long staircase Level 2 a vault stairs to The Gnomish Mines Level 3 an armor shop, a vault Level 4 an altar to Tyr Level 5 a vault Level 6 Level 7 many fountains Level 8 (water pools, stash cleared) a jewelry store, a vault stairs to Sokoban Level 9 Level 10 (trash stash) a fountain Level 11 Level 12 a vault Level 13 (main stash w/ altar & water pool. trash stash and decent stash,) <- You were here an altar to Tyr, a sink portal to The Quest Level 14 an altar to Tyr Level 15 Level 16 Level 17 (money in a chest @ the shop (bottom right)) a potion shop, a vault Level 18 Level 19 a vault Level 20 a temple to Odin, a fountain Level 21 Level 22 an altar to Tyr Level 23 a sink Level 24 a vault Level 25 a vault Level 26 Level 27 an altar to Odin, a fountain Level 28 Level 29 a fountain, a throne Gehennom: Level 30 a temple to Moloch stairs to The Dungeons of Doom The Gnomish Mines: levels 3 to 10 Level 3 stairs to The Dungeons of Doom Level 4 Level 5 many shops, a temple to Loki, some fountains Level 6 (magic trap) Level 7 Level 8 (Polytrap here) Level 9 Level 10 many altars to Moloch, some fountains The Quest: levels 1 to 5 Level 1 a fountain portal to The Dungeons of Doom Level 2 Level 3 Level 4 Level 5 Sokoban: levels 4 to 7 Level 4 Level 5 Level 6 Level 7 stairs to The Dungeons of Doom History has recorded: On T:1 you entered the Dungeons of Doom to retrieve the Amulet of Yendor! On T:134 you reached level 2 of The Dungeons of Doom. On T:476 you advanced to experience level 2. On T:690 you reached level 3 of The Dungeons of Doom. On T:739 you reached level 1 of The Gnomish Mines. On T:813 you advanced to experience level 3. On T:1026 you reached level 4 of The Dungeons of Doom. On T:1160 you advanced to experience level 4. On T:1761 you reached level 5 of The Dungeons of Doom. On T:2005 you reached level 6 of The Dungeons of Doom. On T:2902 you reached level 7 of The Dungeons of Doom. On T:2919 you reached level 8 of The Dungeons of Doom. On T:2940 you advanced to experience level 5. On T:3251 you reached level 9 of The Dungeons of Doom. On T:3284 you reached level 4 of Sokoban. On T:3768 you reached level 3 of Sokoban. On T:4521 you reached level 2 of Sokoban. On T:4938 you reached level 1 of Sokoban. On T:5080 you advanced to experience level 6. On T:6276 you reached level 2 of The Gnomish Mines. On T:6492 you reached level 3 of The Gnomish Mines. On T:6519 you advanced to experience level 7. On T:6579 you reached level 4 of The Gnomish Mines. On T:8742 you advanced to experience level 8. On T:10210 you reached level 5 of The Gnomish Mines. On T:10552 you reached level 6 of The Gnomish Mines. On T:11063 you reached level 7 of The Gnomish Mines. On T:11402 you reached level 8 of The Gnomish Mines. On T:11422 you advanced to experience level 9. On T:13040 you advanced to experience level 10. On T:14172 you wished for "blessed greased +2 silver dragon scale mail". On T:15138 you reached level 10 of The Dungeons of Doom. On T:15306 you reached level 11 of The Dungeons of Doom. On T:15399 you reached level 12 of The Dungeons of Doom. On T:15923 you reached level 13 of The Dungeons of Doom. On T:16695 you advanced to experience level 11. On T:16901 you reached level 14 of The Dungeons of Doom. On T:17029 you reached level 1 of The Quest. On T:18634 you received Mjollnir from Tyr. On T:20278 you wished for "blessed greased fireproof +2 cloak of magic resistance". On T:20453 you reached level 15 of The Dungeons of Doom. On T:21027 you advanced to experience level 12. On T:21175 you reached level 16 of The Dungeons of Doom. On T:21884 you reached level 17 of The Dungeons of Doom. On T:21935 you reached level 18 of The Dungeons of Doom. On T:23174 you reached level 19 of The Dungeons of Doom. On T:23622 you embarked upon an epic quest. On T:23872 you reached level 2 of The Quest. On T:24357 you reached level 3 of The Quest. On T:24428 you advanced to experience level 13. On T:24735 you reached level 4 of The Quest. On T:24883 you reached level 5 of The Quest. On T:24926 you killed Lord Surtur on level 5 of The Quest. On T:25241 you completed the quest! On T:27984 you advanced to experience level 14. On T:28291 you reached level 20 of The Dungeons of Doom. On T:28664 you reached level 21 of The Dungeons of Doom. On T:29008 you reached level 22 of The Dungeons of Doom. On T:29151 you reached level 23 of The Dungeons of Doom. On T:30189 you reached level 24 of The Dungeons of Doom. On T:30628 you advanced to experience level 15. On T:30880 you received Dragonbane from Tyr. On T:31103 you advanced to experience level 16. On T:31176 you reached level 25 of The Dungeons of Doom. On T:31679 you reached level 26 of The Dungeons of Doom. On T:31953 you reached level 27 of The Dungeons of Doom. On T:32153 you reached level 28 of The Dungeons of Doom. On T:32618 you advanced to experience level 17. On T:33094 you killed Medusa on level 28 of The Dungeons of Doom. On T:33144 you reached The Castle. On T:33433 you advanced to experience level 18. On T:34433 you wished for "2 blessed scrolls of charging". On T:34444 you wished for "uncursed magic marker". On T:34558 you wished for "blessed +2 fireproof pair of speed boots". On T:34562 you wished for "uncursed magic marker". On T:34562 you wished for "blessed +2 Grayswandir". On T:34688 you reached The Valley of the Dead. On T:34737 you advanced to experience level 19. On T:35088 you advanced to experience level 20. Score breakdown: Gold: 29051 (15182 points) Experience: 20 levels (24282 points) Exploration: 30 levels ( 58.82%) (22847 points) Discoveries: 153 items ( 61.45%) (23516 points) Valuables value: (no points given unless you survive) Artifact value: 16500 (14346 points) Variety of kills: 214 monsters ( 56.32%) (22513 points) Turncount: 36220 turns (-4279 points) Survival: quit (score multiplied by 90%) Total score: 106566 Latest messages: You turn into a xorn! Some text has been burned into the floor here. You read: "Elbereth". You see here a large box containing 45 items. You feel cool! You feel limber! You feel breath-enhanced! You feel unsolid! This ring of polymorph control is delicious! You feel in control of your shapeshifting Magic spreads through your body as you digest the ring. This amulet of ESP is delicious! Never mind. To quit the game, use the 'save' command (typically on 'S'). Final status: Farvel sWordswingEr the Valkyrie, quit... You quit in The Dungeons of Doom on dungeon level 13 with 106566 points, and 29051 pieces of gold, after 36220 moves. You were level 20 with a maximum of 247 hit points when you quit.